 Dungeon Crawl Stone Soup version 0.30-a0-672-gc3a7216ad8 (webtiles) character file.

Game seed: 13868342193598960077

3939 Dittersdorf the Blocker (level 10, -4/65 HPs)
             Began as a Gargoyle Fighter on Jan 18, 2023.
             Was a Believer of Okawaru.
             Slain by a two-headed ogre
             ... wielding a +0 giant club
              (9 damage)
             ... on level 8 of the Dungeon.
             The game lasted 00:14:22 (7219 turns).

Dittersdorf the Blocker (Gargoyle Fighter)          Turns: 7219, Time: 00:14:23

Health: -4/65      AC: 20    Str: 23    XL:     10   Next: 21%
Magic:  0/10       EV:  8    Int: 10    God:    Okawaru [**....]
Gold:   329        SH:  5    Dex:  9    Spells: 9/9 levels left

rFire   + + .      SeeInvis .    y - +0 morningstar
rCold   . . .      Faith    .    c - +0 buckler
rNeg    + . .      Spirit   +    k - +0 chain mail of Jecaurim {rF+ rCorr}
rPois   ∞          Reflect  .    (no helmet)
rElec   +          Harm     .    a - +1 cloak
rCorr   +          Rampage  .    (no gloves)
Will    .....                    (no boots) Stlth
                                 q - amulet of guardian spirit
HPRegen 0.30/turn                r - ring of protection from fire
MPRegen 0.12/turn                (no ring)

@: no status effects
A: sickness immunity, AC +7, negative energy resistance 1, electricity
resistance, torment resistance 1, petrification resistance
a: Renounce Religion, Heroism


You were on level 8 of the Dungeon.
You worshipped Okawaru.
Okawaru was pleased with you.
You visited 1 branch of the dungeon, and saw 8 of its levels.

You collected 406 gold pieces.
You spent 77 gold pieces at shops.

Inventory:

Hand Weapons
 y - a +0 morningstar (weapon)
Missiles
 g - 2 throwing nets
 m - 16 poisoned darts (quivered)
Armour
 a - a +1 cloak (worn)
 c - a +0 buckler (worn)
 e - a +0 plate armour
 k - the +0 chain mail of Jecaurim (worn) {rF+ rCorr}
   (You found it on level 8 of the Dungeon)

   rF:        It protects you from fire.
   rCorr:     It protects you from acid and corrosion.
 n - a +0 chain mail
Jewellery
 q - an amulet of guardian spirit (around neck)
 r - a ring of protection from fire (left hand)
 v - a ring of fire
Wands
 b - a wand of digging (8)
Scrolls
 h - 6 scrolls of teleportation
 o - 2 scrolls of blinking
 w - 2 scrolls of poison
Potions
 d - a potion of haste
 f - 2 potions of flight
 i - 7 potions of heal wounds
 j - 2 potions of invisibility
 p - a potion of might
 s - a potion of ambrosia
 t - 6 potions of curing
 u - a potion of mutation {unknown}
 x - a potion of resistance {unknown}


   Skills:
 + Level 8.6 Fighting
 + Level 7.5 Maces & Flails
 + Level 8.6 Armour
 + Level 8.6 Shields


You had 9 spell levels left.
You didn't know any spells.
Your spell library contained the following spells:

 Spells                   Type           Power      Damage    Failure   Level
 Freeze                   Ice            0%         1d3       96%         1
 Frozen Ramparts          Ice            0%         1d1       100%        3
 Hailstorm                Conj/Ice       0%         3d3       100%        3


Dungeon Overview and Level Annotations

Branches:
Dungeon (8/15)             Temple (0/1) D:5            Lair (0/5) D:8

Altars:
Dithmenos
Hepliaklqana
Okawaru
Xom

Shops:
D:3 ?   D:7 *


Innate Abilities, Weirdness & Mutations

You are immune to sickness and miasma.
Your stone body is resilient. (AC +7)
You are immune to poison.
You resist negative energy. (rN+)
You are resistant to electric shocks. (rElec)
You are resistant to unholy torment.
You are immune to petrification.


Message History

The two-headed ogre is moderately wounded.
The two-headed ogre closely misses you.
The two-headed ogre hits you with a +0 giant club!
* * * LOW HITPOINT WARNING * * *
You hit the two-headed ogre but do no damage.
The two-headed ogre is moderately wounded.
You barely miss the two-headed ogre.
The two-headed ogre is moderately wounded.
The two-headed ogre hits you with a +0 giant club.
* * * LOW HITPOINT WARNING * * *
The two-headed ogre hits you with a +0 giant club.
* * * LOW HITPOINT WARNING * * *
There is an open door here.
The two-headed ogre attacks as you move away!
The two-headed ogre barely misses you.
The two-headed ogre hits you but does no damage.
You feel like a meek peon again.
The two-headed ogre looks more healthy.
Throw: 18 darts (poison)
Press: ? - help, Q - select action, (/) - cycle Shift-Dir - straight line, f/p - two-headed ogre
Aim: a two-headed ogre, wielding two +0 giant clubs (moderately wounded, 74% to hit)
You throw a poisoned dart.
The poisoned dart hits the two-headed ogre.
The two-headed ogre is moderately wounded.
The two-headed ogre attacks as you move away!
You block the two-headed ogre's attack. The two-headed ogre barely misses you.
The two-headed ogre attacks as you move away!
The two-headed ogre hits you but does no damage.
The two-headed ogre hits you with a +0 giant club.
* * * LOW HITPOINT WARNING * * *
Throw: 17 darts (poison)
Press: ? - help, Q - select action, (/) - cycle Shift-Dir - straight line, f/p - two-headed ogre
Aim: a two-headed ogre, wielding two +0 giant clubs (lightly wounded, 74% to hit)
You throw a poisoned dart.
The poisoned dart hits the two-headed ogre.
The two-headed ogre is poisoned.
The two-headed ogre is lightly wounded.
The two-headed ogre attacks as you move away!
The two-headed ogre hits you with a +0 giant club!
You die...

# #.#..................# #
#.#.......#.........## # #.#
....#.(.#)#####.####
#######'###'.####.#)# #.#..
##...........# # #)#####.#.#
##...........## #)#<....#.#
##............### #.#####...###
.'..(........(.O#######.......#
##.............#@..≈...#......+
#...............#...#........#
#..............##PPP##.......#
#........###.#.....P...#.....#
########.# #.#≈.PP>PP.≈#.....#
#.# #.#...PP....#.....# #.#
#...##...##.......#
#....#...#........#
#..#...≈...#......#


You could see a two-headed ogre (poisoned).

Vanquished Creatures
  Pikel (D:5)
  A hornet (D:5)
  Grinder (D:6)
  Sigmund (D:5)
  5 yaks (D:4)
  Edmund (D:5)
  An acid dragon (D:8)
  A water moccasin (D:5)
  Duvessa (D:6)
  An orc warrior (D:8)
  2 ice beasts (D:7)
  A black bear (D:7)
  An ogre (D:6)
  2 centaurs
  A lemure (D:5)
  2 phantoms
  2 necrophages (D:6)
  4 scorpions
  Dowan (D:6)
  A gnoll bouda (D:4)
  An orc priest (D:6)
  3 hounds
  Crazy Yiuf (D:6)
  2 iguanas
  4 orc wizards
  A centaur simulacrum (D:8)
  9 gnolls
  7 adders
  A shadow imp (D:6)
  A howler monkey simulacrum (D:8)
  4 worms
  4 dart slugs
  15 orcs
  5 endoplasms
  4 giant cockroaches
  5 goblins
  7 hobgoblins
  4 kobolds
  5 quokkas
  9 ball pythons
  8 bats
  4 frilled lizards
  5 rats
140 creatures vanquished.

Notes
Turn   | Place    | Note
-------+----------+-------------------------------------------
     0 | D:1      | Dittersdorf the Gargoyle Fighter began the quest for the
                  | Orb.
     0 | D:1      | Reached XP level 1. HP: 14/14 MP: 1/1
    93 | D:1      | Reached XP level 2. HP: 19/19 MP: 2/2
   555 | D:1      | Reached XP level 3. HP: 23/23 MP: 3/3
   832 | D:2      | Reached XP level 4. HP: 23/29 MP: 4/4
  1681 | D:3      | Reached XP level 5. HP: 30/33 MP: 5/5
  1750 | D:3      | Found a hazy altar of Hepliaklqana.
  1753 | D:3      | Found an iron altar of Okawaru.
  1775 | D:3      | Became a worshipper of Warmaster Okawaru
  2132 | D:3      | Found The Oracle's Delphic Readings.
  2136 | D:3      | Bought a scroll of identify for 22 gold pieces
  2136 | D:3      | Bought a scroll of teleportation for 33 gold pieces
  2378 | D:3      | Found a shadowy altar of Dithmenos.
  2660 | D:4      | Noticed a phantom
  2665 | D:4      | Killed a phantom
  2666 | D:4      | Reached XP level 6. HP: 39/39 MP: 6/6
  2940 | D:4      | Reached skill level 5 in Shields
  2948 | D:4      | Reached * piety under Okawaru
  2949 | D:4      | Reached skill level 5 in Fighting
  2949 | D:4      | Reached skill level 5 in Armour
  2967 | D:4      | Reached XP level 7. HP: 22/44 MP: 4/7
  3399 | D:5      | Entered Level 5 of the Dungeon
  3403 | D:5      | Noticed a yak
  3403 | D:5      | Noticed a yak
  3403 | D:5      | Noticed a yak
  3403 | D:5      | Noticed a yak
  3404 | D:5      | Noticed a yak
  3416 | D:4      | Killed a yak
  3460 | D:4      | Killed a yak
  3472 | D:4      | Killed a yak
  3473 | D:4      | Reached XP level 8. HP: 3/51 MP: 1/8
  3489 | D:4      | Killed a yak
  3489 | D:4      | Reached ** piety under Okawaru
  3598 | D:4      | Killed a yak
  3599 | D:4      | Reached skill level 5 in Maces & Flails
  3676 | D:5      | Found a staircase to the Ecumenical Temple.
  3932 | D:5      | Noticed Sigmund
  3946 | D:5      | Killed Sigmund
  4196 | D:5      | Noticed a hornet
  4233 | D:5      | Killed a hornet
  4234 | D:5      | Reached XP level 9. HP: 36/57 MP: 6/9
  4534 | D:5      | Noticed Edmund
  4546 | D:5      | Killed Edmund
  4915 | D:6      | Noticed Duvessa
  4918 | D:6      | Noticed Dowan
  4923 | D:6      | Killed Duvessa
  4929 | D:6      | Killed Dowan
  5140 | D:6      | Noticed Grinder
  5146 | D:6      | Paralysed by Grinder for 5 turns
  5166 | D:6      | Killed Grinder
  5371 | D:6      | Found a shimmering altar of Xom.
  5445 | D:6      | Noticed Pikel
  5495 | D:5      | Killed Pikel
  5660 | D:6      | Found a runed translucent door.
  5661 | D:6      | Noticed Crazy Yiuf
  6091 | D:6      | Killed Crazy Yiuf
  6092 | D:6      | Reached XP level 10. HP: 64/64 MP: 7/10
  6624 | D:7      | Found Wouklif's General Store.
  6632 | D:7      | Bought a scroll of identify for 22 gold pieces
  7016 | D:8      | Identified the +0 chain mail of Jecaurim {rF+ rCorr}
  7161 | D:8      | Found a staircase to the Lair.
  7190 | D:8      | Noticed a two-headed ogre
  7199 | D:8      | HP: 3/65 [two-headed ogre/+0 giant club (3)]
  7212 | D:8      | HP: 3/65 [two-headed ogre/+0 giant club (4)]
  7219 | D:8      | Slain by a two-headed ogre

Illustrated notes

Levels and vault maps discovered:
D:1:      ncdulo_wetmaze, layout_loops_ring, minmay_tetromino_o4
D:2:      layout_loops_ring, chequers_serial_rivers_micro_c, roderic_lattice_a,
          dreamdust_wishing_well
D:3:      cheibrodos_old_hovel, layout_loops_ring,
          nicolae_dithmenos_shadow_blocks, nicolae_overflow_squiral,
          corexii_leaking_fountain, nicolae_nh_oracle_at_delphi
D:4:      layout_loops_ring
D:5:      layout_cave_pods, minmay_temple_entry_mini_moons,
          hangedman_decor_push, chequers_serial_rivers_micro_e,
          wad_floor_pattern_1, uniq_sigmund, uniq_edmund
D:6:      layout_gridville, lemuel_doored_altar, st_stairs_1,
          kennysheep_flooded_box, hangedman_decor_diamond_cutter, uniq_grinder,
          uniq_pikel, uniq_crazy_yiuf_cottage, uniq_duvessa
D:7:      layout_gridville, serial_shops, shop
D:8:      layout_basic, dpeg_oklobed_lair, serial_ice, serial_ice_g,
          serial_ice_f, serial_ice_l, serial_ice_m,
          hellmonk_ghost_happy_afterlife, enter_bailey_7

Skill      XL: |  1  2  3  4  5  6  7  8  9 |
---------------+----------------------------+-----
Shields        | 4 5 7 8 |  8.6
Fighting       | 4 5 7 8 |  8.6
Armour         | 4 5 7 8 |  8.6
Maces & Flails | 3 4 6 7 |  7.5

Action                   |  1- 3 |  4- 6 |  7- 9 | 10-12 || total
-------------------------+-------+-------+-------+-------++-------
Melee: Flail             |    93 |   238 |   142 |       ||   473
       Whip              |       |       |     9 |       ||     9
       Morningstar       |       |       |     6 |   100 ||   106
Throw: Dart              |       |     5 |    32 |     4 ||    41
       Throwing net      |       |       |     3 |       ||     3
Invok: Heroism           |       |       |    11 |     2 ||    13
  Use: Scroll            |       |    11 |     1 |     2 ||    14
       Potion            |       |     2 |     2 |       ||     4
Armor: Scale mail        |    49 |   128 |    63 |       ||   240
       Chain mail        |       |       |    10 |    87 ||    97
Dodge: Dodged            |    41 |   100 |    69 |    54 ||   264
Block: Buckler           |    16 |    51 |    27 |    37 ||   131

Table legend: (Time is in decaauts)
 A = Elapsed time spent in this place.
 B = Non-inter-level travel time spent in this place.
 C = Inter-level travel time spent in this place.
 D = Time resting spent in this place.
 E = Time spent auto-exploring this place.
 F = Levels seen in this place.
 G = Mean time per level.
                   A        B        C        D        E       F      G
               +--------+--------+--------+--------+--------+-----+--------+
         Total |   7347 |   7031 |    316 |    749 |   4644 |   8 |  918.4 |
       Dungeon |   7347 |   7031 |    316 |    749 |   4644 |   8 |  918.4 |
               +--------+--------+--------+--------+--------+-----+--------+

Top non-repeatable levels by time:
     D:6: 1439 daAuts
     D:5: 1140 daAuts
     D:4: 1059 daAuts
     D:3: 1034 daAuts
     D:2: 988 daAuts
     D:7: 787 daAuts
     D:1: 664 daAuts
     D:8: 231 daAuts
